 Dungeon Crawl Stone Soup version 0.25-a0-86-ga6f17ae7d4 (webtiles) character file.

Game seed: 14442580623171328695, levelgen mode: deterministic

15 HAL9000 the Sneak (level 2, -3/15 HPs)
             Began as a Vine Stalker Assassin on Nov 9, 2019.
             Slain by a gnoll
             ... wielding a +0 flail
              (8 damage)
             ... on level 1 of the Dungeon.
             The game lasted 00:00:59 (257 turns).

HAL9000 the Sneak (Vine Stalker Assassin)            Turns: 257, Time: 00:00:59

Health: -3/15      AC:  3    Str: 13    XL:     2   Next: 50%
Magic:  0/3        EV: 11    Int: 11    God:
Gold:   36         SH:  0    Dex: 15    Spells: 1/1 levels left

rFire    . . .     SeeInvis .   a - +2 dagger
rCold    . . .     Gourm    .   (no shield)
rNeg     . . .     Faith    .   b - +0 robe
rPois    .         Spirit   +   (no helmet)
rElec    .         Reflect  .   c - +0 cloak
rCorr    .         Harm     .   (no gloves)
MR       .....                  (no boots)
Stlth    +++.......             (no amulet)
HPRegen  0.05/turn              (no ring)
MPRegen  0.08/turn              (no ring)

@: no status effects
A: fangs 2, magic shield, antimagic bite, no potion heal 3, rot immunity
a: no special abilities


You were on level 1 of the Dungeon.
You were not hungry.

You visited 1 branch of the dungeon, and saw 1 of its levels.

You collected 36 gold pieces.

Inventory:

Hand Weapons
 a - a +2 dagger (weapon)
Missiles
 d - 7 poisoned darts (quivered)
 e - 2 curare-tipped darts
Armour
 b - a +0 robe (worn)
 c - a +0 cloak (worn)
Potions
 g - a potion of degeneration {unknown}
 h - a potion of lignification {unknown}
 j - 2 potions of might {unknown}
Comestibles
 f - a ration
 i - a chunk of flesh


   Skills:
 - Level 1.7 Fighting
 + Level 2.7 Short Blades
 - Level 1.7 Throwing
 - Level 0.7 Dodging
 - Level 4.8 Stealth


You had one spell level left.
You didn't know any spells.
Your spell library was empty.

Dungeon Overview and Level Annotations

Branches:
Dungeon (1/15)

Altars:


Innate Abilities, Weirdness & Mutations

You have extremely sharp teeth.
When hurt, damage is shared between your health and your magic reserves.
Your bite disrupts and absorbs the magic of your enemies.
Potions cannot restore your health.
You are immune to rotting.


Message History

You see here a bat corpse.
Found 12 arrows.
A gnoll comes into view. It is wielding a +0 flail.
The gnoll shouts!
A gnoll is nearby!
Throwing (i - inventory. (/) - cycle)
d - 8 poisoned darts (quivered)
Press: ? - help, Shift-Dir - straight line, f - gnoll
Aim: a gnoll, wielding a +0 flail You throw a poisoned dart.
The poisoned dart hits the gnoll.
The gnoll is poisoned.
The gnoll misses you.
You closely miss the gnoll. You bite the gnoll, but do no damage.
You hit the gnoll.
The gnoll is heavily wounded.
The gnoll hits you with a +0 flail!
Ouch! That really hurt!
You hit the gnoll. You bite the gnoll, but do no damage.
The gnoll is almost dead.
The gnoll hits you with a +0 flail!
Ouch! That really hurt!
You die...

#.....#.........#
#.....#.†.......#
#.....#....(....#
#.....#.........#
#.....#.........#
###.....###########
#......## #....†.#
#.@....# #.g....#
#......# #......+
#......###
#..........
###?.........
#.......(.....
#.............


You could see a gnoll.

Vanquished Creatures
  A leopard gecko (D:1)
  4 bats (D:1)
  A giant cockroach (D:1)
  A goblin (D:1)
  A frilled lizard (D:1)
  2 kobolds (D:1)
  6 rats (D:1)
16 creatures vanquished.

Notes
Turn   | Place    | Note
-------+----------+-------------------------------------------
     0 | D:1      | HAL9000 the Vine Stalker Assassin began the quest for the
                  | Orb.
     0 | D:1      | Reached XP level 1. HP: 11/11 MP: 2/2
   116 | D:1      | Reached XP level 2. HP: 14/15 MP: 3/3
   257 | D:1      | Slain by a gnoll

Levels and vault maps discovered:
D:1:      dpeg_arrival_more_subterranean_lakeside_camping, layout_basic

Skill      XL: |  1 |
---------------+----+-----
Short Blades   | 2 |  2.7
Fighting       | |  1.7
Throwing       | |  1.7
Dodging        | |  0.7
Stealth        | |  4.8

Action                   || total
-------------------------++-------
Melee: Dagger            ||    42
       Bite              ||     6
Throw: Dart              ||     1
 Stab: Sleeping          ||     4
Armor: Robe              ||    14
Dodge: Dodged            ||    31

Table legend:
 A = Non-vault XP
 B = Vault XP
 C = Vault XP percentage of total XP
 D = Non-vault monster count
 E = Vault monster count
 F = Vault count percentage of total count
                 A         B        C        D         E       F
            +---------+---------+-------+---------+---------+-------
      Total |      22 |       0 |   0.0 |      16 |       0 |   0.0
            +---------+---------+-------+---------+---------+-------
        D:1 |      22 |       0 |   0.0 |      16 |       0 |   0.0
            +---------+---------+-------+---------+---------+-------
